 Dungeon Crawl Stone Soup version 0.19-a0-1772-g09c4438 (webtiles) character file.

21 LORDOFBUTT the Vexing (level 2, 0/11 HPs)
             Began as a Felid Enchanter on Oct 4, 2016.
             Slain by a kobold
             ... wielding a +0 whip
              (4 damage)
             ... on level 1 of the Dungeon.
             The game lasted 00:00:41 (430 turns).

LORDOFBUTT the Vexing (Felid Enchanter)              Turns: 430, Time: 00:00:42

Health: 0/11       AC:  1    Str:  4    XL:     2   Next: 65%
Magic:  6/6        EV: 18    Int: 16    God:
Gold:   40         SH:  0    Dex: 16    Spells: 1 memorised, 4 levels left
                                        Lives:  0   Deaths: 0

rFire  x . .     SeeInvis +       - Unarmed
rCold  + . .     Gourm    .     (armour unavailable)
rNeg   . . .     Faith    .     (shield unavailable)
rPois  .         Spirit   .     (helmet unavailable)
rElec  .         Dismiss  .     (cloak unavailable)
rCorr  .         Reflect  .     (gloves unavailable)
MR     .....     Harm     .     (boots unavailable)
Stlth  +++.......               (no amulet)
                                (no ring)
                                c - ring of ice

@: quick
A: no armour, no weapons or thrown items, claws 1, fangs 3, see invisible,
carnivore 3, speed 1, shaggy fur 1, slow metabolism 1, sharp paws
a: no special abilities


You were on level 1 of the Dungeon.
You were not hungry.

You visited 1 branch of the dungeon, and saw 1 of its levels.

You collected 40 gold pieces.

Inventory:

Jewellery
 c - a ring of ice (left paw)
Scrolls
 e - a scroll of identify {unknown}
 f - a scroll of fear {unknown}
Potions
 g - a potion of invisibility {unknown}
Books
 a - a book of Maledictions

   Spells                             Type                      Level
   a - Corona                         Hexes                        1
   b - Ensorcelled Hibernation        Hexes/Ice                    2
   c - Confuse                        Hexes                        3
   d - Tukima's Dance                 Hexes                        3
   e - Dazzling Spray                 Conjuration/Hexes            3
Comestibles
 b - 2 meat rations
 d - a beef jerky


   Skills:
 + Level 3.0 Dodging
 + Level 4.5 Stealth
 + Level 1.4 Unarmed Combat
 + Level 2.0 Spellcasting
 + Level 5.0 Hexes


You had 4 spell levels left.
You knew the following spells:

 Your Spells              Type           Power        Failure   Level  Hunger
a - Corona                Hex            ###....      2%          1    #......


Dungeon Overview and Level Annotations

Branches:
Dungeon (1/15)

Altars:


Innate Abilities, Weirdness & Mutations

You cannot wear armour.
You are incapable of wielding weapons or throwing items.
You have sharp claws.
You have razor-sharp teeth.
You have supernaturally acute eyesight. (SInv)
You are carnivorous and can eat meat at any time.
You cover ground quickly.
You are covered in fur. (AC +1)
You have a slow metabolism.
Your sharp claws are effective at attacking unaware monsters.


Message History

You barely miss the goblin. The goblin hits you with a club.
You scratch the goblin.
The goblin is severely wounded.
You scratch the goblin.
You kill the goblin!
No target in view!
No target in view!
A kobold comes into view. It is wielding a whip.
Found a stone staircase leading down.
A kobold is nearby!
A kobold is nearby!
A kobold is nearby!
The kobold shouts!
The kobold throws a stone.
The stone hits you.
A frilled lizard comes into view.
A rat comes into view.
The frilled lizard hisses angrily.
You scratch the kobold but do no damage.
You barely miss the kobold. The kobold hits you with a whip.
You die...

#####
#.##......# #.
#######.##
..........###.#
#..
..#####..)....#
##. .##
#...#...## ..
##.#.###.###
#..#.###)...
#.#.......##
#..#.......#
#.##.@.....# ..
#.K.(.....
...........#.#
..####..>......
#.# #......#r#
#......l..
#......#.#
######....


You could see a kobold, a frilled lizard and a rat.

Vanquished Creatures
  A dart slug (D:1)
  A bat (D:1)
  5 giant cockroaches (D:1)
  2 goblins (D:1)
  2 hobgoblins (D:1)
  A frilled lizard (D:1)
  3 kobolds (D:1)
  2 rats (D:1)
17 creatures vanquished.

Notes
Turn   | Place    | Note
-------+----------+-------------------------------------------
     0 | D:1      | LORDOFBUTT the Felid Enchanter began the quest for the Orb.
     0 | D:1      | Reached XP level 1. HP: 7/7 MP: 4/4
    62 | D:1      | Reached XP level 2. HP: 4/11 MP: 6/6
   366 | D:1      | Reached skill level 5 in Hexes
   430 | D:1      | Slain by a kobold

Vault maps used:
D:1:      dpeg_arrival_tiny_j, serial_glass, glass_columns_c, glass_columns_b,
          supply_closet_lemuel, minivault_24, columned_hall_lemuel

Skill      XL: |  1  2 |
---------------+-------+-----
Dodging        | 3 |  3.0
Hexes          | 5 |  5.0
Stealth        | |  4.5
Unarmed Combat | |  1.4
Spellcasting   | |  2.0

Action                   || total
-------------------------++-------
Melee: Unarmed           ||    62
       Bite              ||     4
 Stab: Sleeping          ||     8
Armor: Skin              ||     4
Dodge: Dodged            ||    51
